 Dungeon Crawl Stone Soup version 0.24.0-37-gcf1ca852f1 (webtiles) character file.

Game seed: 14837205669839961348, levelgen mode: deterministic

708 FishyPogo the Charmwright (level 7, 0/56 HPs)
             Began as a Gnoll Skald on Dec 7, 2019.
             Was a Believer of Vehumet.
             Slain by a sky beast (6 damage)
             ... on level 5 of the Dungeon.
             The game lasted 00:12:36 (3528 turns).

FishyPogo the Charmwright (Gnoll Skald)             Turns: 3528, Time: 00:12:37

Health: 0/56       AC:  3    Str: 14    XL:     7   Next: 67%
Magic:  10/15      EV: 15    Int: 16    God:    Vehumet [**....]
Gold:   215        SH:  4    Dex: 15    Spells: 5/17 levels left

rFire    . . .     SeeInvis .   q - +2 dagger (elec)
rCold    . . .     Gourm    .   (no shield)
rNeg     . . .     Faith    .   b - +0 leather armour
rPois    .         Spirit   .   (no helmet)
rElec    .         Reflect  +   (no cloak)
rCorr    .         Harm     .   (no gloves)
MR       .....                  (no boots)
Stlth    ++........             n - +4 amulet of reflection
HPRegen  1.18/turn              (no ring)
MPRegen  0.14/turn              (no ring)

@: regenerating
A: distributed training, fangs 1, strong nose
a: Renounce Religion


You were on level 5 of the Dungeon.
You worshipped Vehumet.
Vehumet was pleased with you.
You were not hungry.

You visited 1 branch of the dungeon, and saw 5 of its levels.

You collected 215 gold pieces.

Inventory:

Hand Weapons
 j - a +0 hand axe of freezing
 q - a +2 dagger of electrocution (weapon)
 D - a cursed -3 long sword
Missiles
 a - 15 poisoned darts
 g - 155 stones (quivered)
 B - 2 boomerangs
Armour
 b - a +0 leather armour (worn)
 r - cursed +0 ice dragon scales
Jewellery
 n - a +4 amulet of reflection (around neck)
Wands
 p - a wand of polymorph (8)
 A - a wand of random effects (14)
Scrolls
 c - 3 scrolls of blinking {unknown}
 e - 2 scrolls of amnesia {unknown}
 f - 6 scrolls of identify {unknown}
 h - a scroll of noise {unknown}
 k - 2 scrolls of immolation {unknown}
 l - 2 scrolls of teleportation {unknown}
 m - a scroll of enchant armour {unknown}
 s - a scroll of fog {unknown}
 w - 2 scrolls of remove curse {unknown}
 x - a scroll of fear {unknown}
 y - a scroll of enchant weapon {unknown}
Potions
 i - a potion of might {unknown}
 o - a potion of heal wounds {unknown}
 t - a potion of mutation {unknown}
 u - a potion of cancellation {unknown}
 v - a potion of ambrosia {unknown}
 z - a potion of curing {unknown}
Comestibles
 d - 15 rations
 C - 17 chunks of flesh


   Skills:
 + Level 5.3 Fighting
 + Level 5.3 Short Blades
 + Level 2.6 Long Blades
 + Level 2.6 Axes
 + Level 2.6 Maces & Flails
 + Level 2.6 Polearms
 + Level 2.6 Staves
 + Level 2.6 Slings
 + Level 2.6 Bows
 + Level 2.6 Crossbows
 + Level 2.6 Throwing
 + Level 3.7 Armour
 + Level 5.3 Dodging
 + Level 2.6 Stealth
 + Level 2.6 Shields
 + Level 2.6 Unarmed Combat
 + Level 5.6 Spellcasting
 + Level 2.1 Conjurations
 + Level 2.1 Hexes
 + Level 5.9 Charms
 + Level 2.1 Summonings
 + Level 2.1 Necromancy
 + Level 2.1 Translocations
 + Level 2.1 Transmutations
 + Level 2.1 Fire Magic
 + Level 2.1 Ice Magic
 + Level 2.1 Air Magic
 + Level 2.1 Earth Magic
 + Level 2.1 Poison Magic
 + Level 2.9 Invocations
 + Level 2.6 Evocations


You had 5 spell levels left.
You knew the following spells:

 Your Spells              Type           Power        Failure   Level  Hunger
a - Freeze                Ice            ##..         8%          1    None
h - Regeneration          Chrm/Necr      ###.......   10%         3    ##.....
n - Spectral Weapon       Hex/Chrm       ###.....     10%         3    ##.....
p - Shroud of Golubria    Chrm/Tloc      ###...       4%          2    #......
u - Song of Slaying       Chrm           ###.....     2%          2    #......
y - Infusion              Chrm           ###.         1%          1    None

Your spell library contained the following spells:

 Spells                   Type           Power        Failure   Level  Hunger
 Sandblast                Erth           ##....       8%          1    None


Dungeon Overview and Level Annotations

Branches:
Dungeon (5/15)
 Temple: D:4-7

Altars:
Trog
Vehumet


Innate Abilities, Weirdness & Mutations

Your experience applies equally to all skills.
You have very sharp teeth.
Your uncanny sense of smell can sniff out nearby items.


Message History

Reactivating autopickup.
The sky beast hits you. The sky beast shocks you.
Your spectral weapon hits the sky beast.
You hit the sky beast but do no damage.
The sky beast is moderately wounded.
Your spectral weapon hits the sky beast.
The sky beast misses you.
You hit the sky beast but do no damage.
The sky beast is moderately wounded.
Your spectral weapon hits the sky beast.
The sky beast hits you.
* * * LOW HITPOINT WARNING * * *
The sky beast shocks you.
* * * LOW HITPOINT WARNING * * *
Casting: Spectral Weapon (safe; 10% risk of failure)
Confirm with . or Enter, or press ? or * to list all spells.
Your skin crawls.
The sky beast hits you.
* * * LOW HITPOINT WARNING * * *
The sky beast shocks you.
You die...

#..###.# ...............
.......# .............#
......# ##...........#.
.....## ##..............
......#####...............
.........#...)............
..........................
.....###.........(...###..
..#### ##......)@Y%..# ..#
#.#..###.##.$..# ....#
#..#### ..........
........... ............
..###...... ##...........
.## ##...... #..#.......#
.. ....... #..........
#.......# #......## ∆


You could see a sky beast and a friendly spectral +2 dagger of electrocution.

Vanquished Creatures
  A phantom (D:3)
  2 ogres (D:5)
  A howler monkey (D:4)
  2 bullfrog zombies (D:5)
  A jelly (D:5)
  An orc priest (D:4)
  3 orc wizards
  2 worker ants
  A howler monkey zombie (D:5)
  5 adders
  4 worms
  3 dart slugs
  A leopard gecko (D:3)
  11 orcs
  5 bats
  11 giant cockroaches
  5 goblins
  9 hobgoblins
  10 kobolds
  4 quokkas
  2 ball pythons
  2 frilled lizards
  9 rats
95 creatures vanquished.

Notes
Turn   | Place    | Note
-------+----------+-------------------------------------------
     0 | D:1      | FishyPogo the Gnoll Skald began the quest for the Orb.
     0 | D:1      | Reached XP level 1. HP: 20/20 MP: 6/6
   101 | D:1      | Reached XP level 2. HP: 19/26 MP: 7/7
   105 | D:1      | Learned a level 2 spell: Song of Slaying
   108 | D:1      | Learned a level 2 spell: Shroud of Golubria
   226 | D:1      | Reached XP level 3. HP: 8/31 MP: 0/9
   231 | D:1      | Learned a level 3 spell: Regeneration
   235 | D:1      | Learned a level 3 spell: Spectral Weapon
   317 | D:1      | Reached skill level 5 in Spellcasting
   947 | D:2      | Reached skill level 1 in Invocations
   993 | D:2      | Reached skill level 1 in Long Blades
   993 | D:2      | Reached skill level 1 in Axes
   993 | D:2      | Reached skill level 1 in Maces & Flails
   993 | D:2      | Reached skill level 1 in Polearms
   993 | D:2      | Reached skill level 1 in Staves
   993 | D:2      | Reached skill level 1 in Slings
   993 | D:2      | Reached skill level 1 in Bows
   993 | D:2      | Reached skill level 1 in Crossbows
   993 | D:2      | Reached skill level 1 in Throwing
   993 | D:2      | Reached skill level 1 in Stealth
   993 | D:2      | Reached skill level 1 in Shields
   993 | D:2      | Reached skill level 1 in Unarmed Combat
   993 | D:2      | Reached skill level 1 in Evocations
  1061 | D:2      | Reached XP level 4. HP: 34/38 MP: 6/11
  1320 | D:2      | Found a faded altar of an unknown god.
  1325 | D:2      | Became a worshipper of Vehumet
  1325 | D:2      | Reached * piety under Vehumet
  1325 | D:2      | Offered knowledge of Freeze by Vehumet.
  1465 | D:2      | Learned a level 1 spell: Freeze
  1822 | D:3      | Reached skill level 1 in Conjurations
  1822 | D:3      | Reached skill level 1 in Hexes
  1822 | D:3      | Reached skill level 1 in Summonings
  1822 | D:3      | Reached skill level 1 in Necromancy
  1822 | D:3      | Reached skill level 1 in Translocations
  1822 | D:3      | Reached skill level 1 in Transmutations
  1822 | D:3      | Reached skill level 1 in Fire Magic
  1822 | D:3      | Reached skill level 1 in Ice Magic
  1822 | D:3      | Reached skill level 1 in Air Magic
  1822 | D:3      | Reached skill level 1 in Earth Magic
  1822 | D:3      | Reached skill level 1 in Poison Magic
  1922 | D:3      | Noticed a phantom
  1947 | D:3      | Killed a phantom
  1947 | D:3      | Reached XP level 5. HP: 10/43 MP: 0/12
  2572 | D:4      | Reached XP level 6. HP: 45/50 MP: 8/13
  2576 | D:4      | Reached ** piety under Vehumet
  2583 | D:4      | Offered knowledge of Sandblast by Vehumet.
  2731 | D:4      | Reached skill level 5 in Fighting
  2731 | D:4      | Reached skill level 5 in Short Blades
  2731 | D:4      | Reached skill level 5 in Dodging
  3315 | D:5      | Entered Level 5 of the Dungeon
  3331 | D:5      | Found a bloodstained altar of Trog.
  3383 | D:5      | Reached XP level 7. HP: 55/56 MP: 6/15
  3528 | D:5      | Slain by a sky beast

Levels and vault maps discovered:
D:1:      psy_arrival_terrarium, layout_basic
D:2:      layout_basic, chequers_ecumenical_altar_simple_redux
D:3:      layout_basic, minmay_cupped
D:4:      layout_basic, first_ration, serial_rivers,
          chequers_serial_rivers_micro_e, chequers_serial_rivers_micro_e,
          chequers_serial_rivers_room_a, chequers_serial_rivers_room_b,
          minivault_23, minmay_joined_circles
D:5:      layout_cave_pools, hangedman_abyss_or_decor_slice, trog_book

Skill      XL: |  1  2  3  4  5  6  7 |
---------------+----------------------+-----
Spellcasting   | 5 |  5.6
Invocations    | 1 2 |  2.9
Long Blades    | 1 2 |  2.6
Axes           | 1 2 |  2.6
Maces & Flails | 1 2 |  2.6
Polearms       | 1 2 |  2.6
Staves         | 1 2 |  2.6
Slings         | 1 2 |  2.6
Bows           | 1 2 |  2.6
Crossbows      | 1 2 |  2.6
Throwing       | 1 2 |  2.6
Stealth        | 1 2 |  2.6
Shields        | 1 2 |  2.6
Unarmed Combat | 1 2 |  2.6
Evocations     | 1 2 |  2.6
Conjurations   | 1 2 |  2.1
Hexes          | 1 2 |  2.1
Summonings     | 1 2 |  2.1
Necromancy     | 1 2 |  2.1
Translocations | 1 2 |  2.1
Transmutations | 1 2 |  2.1
Fire Magic     | 1 2 |  2.1
Ice Magic      | 1 2 |  2.1
Air Magic      | 1 2 |  2.1
Earth Magic    | 1 2 |  2.1
Poison Magic   | 1 2 |  2.1
Armour         | 3 |  3.7
Fighting       | 5 |  5.3
Short Blades   | 5 |  5.3
Dodging        | 5 |  5.3
Charms         | |  5.9

Action                   |  1- 3 |  4- 6 |  7- 9 || total
-------------------------+-------+-------+-------++-------
Melee: Short sword       |   115 |    54 |       ||   169
       Bite              |    11 |    11 |     6 ||    28
       Dagger            |       |    85 |    30 ||   115
       Punch             |       |     1 |       ||     1
 Cast: Song of Slaying   |     7 |     7 |       ||    14
       Infusion          |     4 |     3 |       ||     7
       Regeneration      |     2 |     3 |     2 ||     7
       Spectral Weapon   |     1 |     8 |     2 ||    11
       Shroud of Golubri |     1 |     1 |       ||     2
 Stab: Sleeping          |     2 |     2 |       ||     4
       Distracted        |       |     2 |     1 ||     3
  Eat: Chunk             |     1 |     7 |     2 ||    10
Armor: Leather armour    |    21 |    14 |     6 ||    41
Dodge: Dodged            |    66 |    74 |    17 ||   157
Block: Other             |       |     5 |     6 ||    11
       Reflection        |       |     1 |     1 ||     2
